AoeStats
← IGI.The_Jenk

Arabia

510330108Analyzed
1v1 RM · 2d ago on Sep 30, 2026· 60m 54s· 2 players
Game mode
Random Map
Map size
Tiny (2 player)
Population
200
Speed
Normal
Resources
Standard
Victory
Conquest
Starting age
Dark Age
Ending age
Imperial Age
RankedLock teamsTeams togetherTeam positionsShared explorationLock speedFull tech treeHidden civsTurbo modeCheats
Victory
Defeat
🇦🇷 Wu · Argentina
1143
+17
🇬🇧 Varangians · United Kingdom
1170
-17
PNAL | Chino_ss
7:16 Loom
10:38 Feudal Age
10:42 Man-at-Arms
11:30 Double-Bit Axe
13:39 Forging
13:29 Scale Mail Armor
15:47 Scale Mail Armor
15:31 Horse Collar
22:54 Castle Age
22:14 Gold Mining
22:14 Stone Mining
23:51 Squires
24:50 Bow Saw
24:38 Arson
25:30 Chain Mail Armor
27:59 Iron Casting
29:17 Gold Shaft Mining
29:17 Stone Shaft Mining
29:43 Wheelbarrow
28:54 Town Watch
34:09 Heavy Plow
36:16 Stone Shaft Mining
35:23 Pikeman
36:42 Redemption
37:57 Hand Cart
37:27 Town Watch
40:50 Fletching
41:01 Padded Archer Armor
43:35 Imperial Age
44:08 Bodkin Arrow
44:28 Leather Archer Armor
46:24 Blast Furnace
45:54 Plate Mail Armor
50:31 Scale Barding Armor
51:37 Bloodlines
52:05 Conscription
52:53 Light Cavalry
53:33 Husbandry
58:05 Chain Barding Armor
58:16 Plate Mail Armor
61:34 Two-Man Saw
60:38 Bracer
IGI.The_Jenk
6:36 Loom
9:10 Feudal Age
9:45 Double-Bit Axe
10:51 Bloodlines
16:07 Scale Barding Armor
18:15 Horse Collar
18:49 Gold Mining
22:10 Castle Age
20:45 Fletching
21:31 Padded Archer Armor
23:15 Wheelbarrow
23:01 Bow Saw
23:18 Bodkin Arrow
23:26 Husbandry
26:17 Ballistics
27:35 Leather Archer Armor
31:17 Heavy Plow
33:39 Forging
37:58 Chain Barding Armor
42:20 Stone Mining
44:48 Iron Casting
50:43 Imperial Age
55:44 Plate Barding Armor
58:17 Two-Man Saw
Connection lost

Rejoining the realm…

Still unreachable

The connection could not be restored.

Session expired

The server has moved on; the page needs a fresh start.